 Dungeon Crawl Stone Soup version 0.19-a0-713-g934ebc7 (webtiles) character file.

5642 HAL9000 the Carver (level 10, -18/88 HPs)
             Began as a Minotaur Berserker on June 20, 2016.
             Was a High Priest of Trog.
             Hit by a large rock thrown by a cyclops (34 damage)
             ... on level 9 of the Dungeon.
             The game lasted 00:25:05 (9789 turns).

HAL9000 the Carver (Minotaur Berserker)             Turns: 9789, Time: 00:25:06

Health: -18/88     AC: 11    Str: 30    XL:     10   Next: 46%
Magic:  9/9        EV:  7    Int:  4    God:    Trog [*****.]
Gold:   486        SH:  0    Dex: 11    Spells: 0 memorised, 9 levels left

rFire  . . .     SeeInvis +     V - +0 scimitar (flame)
rCold  . . .     Gourm    .     M - +0 chain mail
rNeg   . . .     Faith    .     (no shield)
rPois  .         Spirit   .     (helmet restricted)
rElec  .         Dismiss  .     (no cloak)
rCorr  .         Reflect  .     (no gloves)
SustAt .         Harm     .     (no boots)
MR     .....                    (no amulet)
Stlth  ..........               r - ring of see invisible
                                Y - +6 ring of strength

@: exhausted, slowed, very slow, not resistant to hostile enchantments,
extremely unstealthy
A: retaliatory headbutt, horns 2
a: Berserk, Trog's Hand, Brothers in Arms, Burn Spellbooks, Renounce Religion


You were on level 9 of the Dungeon.
You worshipped Trog.
Trog was extremely pleased with you.
You were not hungry.

You visited 1 branch of the dungeon, and saw 9 of its levels.

You collected 486 gold pieces.

Inventory:

Hand Weapons
 V - a +0 scimitar of flaming (weapon)
Missiles
 h - 8 tomahawks (quivered)
Armour
 I - a +2 leather armour of cold resistance
 M - a +0 chain mail (worn)
 T - a +0 shield
Jewellery
 e - a +4 ring of intelligence
 r - a ring of see invisible (right hand)
 F - an uncursed ring of flight
 Y - a +6 ring of strength (left hand)
Wands
 A - a wand of digging (15/24)
 C - a wand of acid (10/15)
 D - a wand of acid (8/15)
 L - a wand of flame (25/48)
 O - a wand of hasting (6/9)
 Q - a wand of teleportation (4/9)
 U - a wand of paralysis (13/24)
 W - a wand of iceblast (0/15)
 X - a wand of digging (12/24)
Scrolls
 g - 3 scrolls of identify
 j - 8 scrolls of remove curse
 l - 2 scrolls of fog
 o - 3 scrolls of teleportation
 y - 3 scrolls of enchant weapon
 E - 2 scrolls of recharging
 P - 2 scrolls of blinking
Potions
 i - 3 potions of curing
 m - 2 potions of ambrosia
 v - a potion of brilliance {unknown}
 B - a potion of flight {unknown}
 G - 2 potions of might
 J - 2 potions of heal wounds
 K - a potion of mutation {unknown}
 N - 2 potions of resistance {unknown}
 R - a potion of lignification
 S - a potion of agility
 Z - a potion of magic {unknown}
Comestibles
 c - 5 bread rations
 q - 6 beef jerkies
 s - 2 meat rations


   Skills:
 + Level 7.7 Fighting
 + Level 12.9 Long Blades
 - Level 9.0 Armour
 + Level 6.1 Dodging
 + Level 5.1 Shields


You had 9 spell levels left.
You didn't know any spells.

Dungeon Overview and Level Annotations

Branches:
Dungeon (9/15)             Temple (0/1) D:5             Orc (0/2) D:9
   Lair: D:8-11

Altars:
Ashenzari
Kikubaaqudgha
Okawaru
Pakellas
Qazlal
Ru
Trog
Uskayaw
Vehumet
Yredelemnul


Innate Abilities, Weirdness & Mutations

You reflexively headbutt those who attack you in melee.
You have a pair of horns on your head.


Message History

You are too injured to fight recklessly!
You are too injured to fight recklessly!
You are too injured to fight recklessly!
Your chain mail prevents you from hitting the orc.
You headbutt the orc.
The orc is severely wounded.
The orc hits you with a dagger.
* * * LOW HITPOINT WARNING * * *
The orc hits you but does no damage.
You slice the orc!! You burn the orc.
You kill the orc!
Trog accepts your kill.
Eat which item? (? for menu, Esc to quit)
You continue eating. x2
You finish eating.
That meat ration really hit the spot!
You start resting.
The cyclops throws a large rock.
The large rock closely misses you.
There is a stone staircase leading up here.
The cyclops throws a large rock.
The large rock hits you!!
You die...

#.# .# .# #.###.###.# #.##...##.#
####.##.#.##.# #+##
#.........##.###...##
#.##.###..##.##....>##
#.##...##.#.......##
.##......(...........#
...........@.............+
.###.###.....###.........# #
#.#.#.# ##.......# #.###.###C#
##.....## #.........# ##...## ##
#####)##### ##'###### ..#### #.#
#######......#
......#######.#####.......####.#
##.#.##...........#.......####.##


You could see a cyclops.

Vanquished Creatures
  Erica (D:8)
  Pikel (D:8)
  A two-headed ogre (D:8)
  2 hungry ghosts
  Edmund (D:5)
  Duvessa (D:7)
  A water moccasin (D:8)
  2 black bears
  2 slaves (D:8)
  A sky beast (D:7)
  4 ogres
  4 orc warriors
  3 ice beasts
  3 centaurs
  3 big kobolds
  2 giant frogs
  Dowan (D:7)
  A scorpion (D:8)
  A water moccasin skeleton (D:7)
  4 crimson imps
  A centaur zombie (D:7)
  A centaur skeleton (D:7)
  6 hounds
  2 jellies
  4 orc priests
  A giant frog skeleton (D:9)
  16 orc wizards
  An iguana (D:4)
  5 worker ants
  A hound skeleton (D:7)
  2 howler monkey skeletons
  12 adders
  5 shadow imps
  2 adder skeletons
  2 adder zombies
  A worm (D:2)
  A dart slug (D:3)
  4 giant geckos
  42 orcs
  2 bats
  4 giant cockroaches
  12 goblins
  7 hobgoblins
  8 jackals
  6 quokkas
  A ball python (D:2)
  13 giant newts
  17 kobolds
  A quokka skeleton (D:5)
  4 rats
  A spectral orc (D:6)
224 creatures vanquished.

Vanquished Creatures (collateral kills)
  A cyclops (D:7)
1 creature vanquished.

Vanquished Creatures (others)
  An ice dragon (D:6)
  2 slaves (D:8)
  An orc wizard (D:8)
  2 giant geckos
6 creatures vanquished.

Grand Total: 231 creatures vanquished

Notes
Turn   | Place    | Note
--------------------------------------------------------------
     0 | D:1      | HAL9000 the Minotaur Berserker began the quest for the Orb.
     0 | D:1      | Reached XP level 1. HP: 19/19 MP: 0/0
   823 | D:1      | Reached skill level 4 in Long Blades
   823 | D:1      | Reached XP level 2. HP: 27/27 MP: 1/1
  1495 | D:2      | Found a sacrificial altar of Ru.
  1537 | D:2      | Reached XP level 3. HP: 23/33 MP: 2/2
  1905 | D:2      | Reached ** piety under Trog
  2271 | D:3      | Reached skill level 5 in Long Blades
  2271 | D:3      | Reached XP level 4. HP: 34/40 MP: 3/3
  2641 | D:3      | Reached XP level 5. HP: 47/47 MP: 4/4
  2944 | D:3      | Noticed an ogre
  2952 | D:3      | Reached skill level 6 in Long Blades
  2959 | D:3      | Killed an ogre
  2959 | D:3      | Reached skill level 5 in Fighting
  2959 | D:3      | Reached XP level 6. HP: 56/56 MP: 5/5
  2972 | D:3      | Reached *** piety under Trog
  4087 | D:4      | Reached skill level 7 in Long Blades
  4087 | D:4      | Reached skill level 5 in Armour
  4177 | D:4      | Found a shattered altar of Ashenzari.
  4511 | D:4      | Reached XP level 7. HP: 51/61 MP: 6/6
  4949 | D:5      | Entered Level 5 of the Dungeon
  5238 | D:5      | Noticed Edmund
  5274 | D:5      | Killed Edmund
  5274 | D:5      | Reached skill level 8 in Long Blades
  5605 | D:5      | Reached skill level 9 in Long Blades
  5605 | D:5      | Reached XP level 8. HP: 62/69 MP: 7/7
  5716 | D:5      | Found a bloodstained altar of Trog.
  5756 | D:5      | Found a staircase to the Ecumenical Temple.
  6113 | D:6      | Found an iron altar of Okawaru.
  6116 | D:6      | Found an ancient bone altar of Kikubaaqudgha.
  6119 | D:6      | Found a hide-covered altar of Uskayaw.
  6145 | D:6      | Reached **** piety under Trog
  6210 | D:6      | Found a stormy altar of Qazlal.
  6267 | D:6      | Found a radiant altar of Vehumet.
  6278 | D:6      | Found an oddly glowing altar of Pakellas.
  6278 | D:6      | Noticed an ice dragon
  6295 | D:6      | Killed an ice dragon
  6303 | D:6      | Found a basalt altar of Yredelemnul.
  6643 | D:6      | Reached skill level 10 in Long Blades
  7218 | D:7      | Reached skill level 11 in Long Blades
  7240 | D:7      | Noticed Dowan
  7243 | D:7      | Noticed Duvessa
  7265 | D:7      | Killed Duvessa
  7274 | D:7      | Killed Dowan
  7274 | D:7      | Reached XP level 9. HP: 45/74 MP: 8/8
  7443 | D:7      | Noticed a cyclops
  8066 | D:7      | Killed a cyclops
  8066 | D:7      | Reached skill level 12 in Long Blades
  8338 | D:8      | Reached skill level 1 in Shields
  8547 | D:8      | Noticed Pikel
  8552 | D:8      | Noticed Erica
  8555 | D:8      | Killed Pikel
  8567 | D:8      | Killed Erica
  8567 | D:8      | Reached skill level 5 in Dodging
  8567 | D:8      | Reached XP level 10. HP: 56/84 MP: 9/9
  8764 | D:8      | Reached ***** piety under Trog
  9727 | D:9      | Reached skill level 5 in Shields
  9748 | D:9      | Noticed a cyclops
  9756 | D:9      | Found a staircase to the Orcish Mines.
  9789 | D:9      | Hit by a large rock thrown by a cyclops

Vault maps used:
D:1:      onia_arrival_mini_maze
D:2:      lemuel_doored_altar
D:3:      minmay_door_path, corexii_leaking_fountain, st_stairs_7
D:4:      ashenzari_altar_1
D:5:      lightli_temple_of_fire, lemuel_temple_firewalk_marked, first_bread,
          minmay_misc_feat_alley, hex_intersection, uniq_edmund
D:6:      kennysheep_mini_moat, yredelemnul_forgotten_temple_becter,
          overflow_temple_1_default, grunt_temple_overflow_diamond,
          minmay_misc_feat_hallway, minmay_misc_feat_chi,
          gammafunk_pakellas_cloud_experiment
D:7:      minmay_opposing_rooms, kennysheep_generic_room_8, uniq_duvessa
D:8:      uniq_pikel, uniq_erica
D:9:      erik_orc_3, serial_shops, nicolae_shop_behind_doors, grunt_livestock

Skill      XL: |  1  2  3  4  5  6  7  8  9 10 |
---------------+-------------------------------+-----
Long Blades    | 4 5 6 7 9 11 12 | 12.9
Fighting       | 4 5 6 7 |  7.7
Armour         | 3 4 5 6 8 9 |  9.0
Dodging        | 5 6 |  6.1
Shields        | 3 5 |  5.1

Action                   |  1- 3 |  4- 6 |  7- 9 | 10-12 || total
-------------------------+-------+-------+-------+-------++-------
Melee: Falchion          |    92 |   116 |   292 |       ||   500
       Headbutt          |     9 |    17 |    57 |    29 ||   112
       Long sword        |       |       |    35 |       ||    35
       Scimitar          |       |       |       |   113 ||   113
Throw: Tomahawk          |       |     3 |     2 |       ||     5
Invok: Berserk           |       |     5 |     1 |     1 ||     7
       Trog's Hand       |       |     1 |     2 |     1 ||     4
       Burn Spellbooks   |       |       |     1 |     1 ||     2
       Brothers in Arms  |       |       |     1 |       ||     1
Evoke: Wand              |       |       |     4 |       ||     4
  Use: Scroll            |       |    10 |     4 |     4 ||    18
  Eat: Chunk             |     4 |    11 |    10 |     5 ||    30
       Beef jerky        |       |     1 |       |       ||     1
       Meat ration       |       |       |     1 |     1 ||     2
Armor: Animal skin       |     9 |     1 |       |       ||    10
       Ring mail         |       |    28 |     3 |       ||    31
       Chain mail        |       |       |   101 |    24 ||   125
       Leather armour    |       |       |     6 |       ||     6
Dodge: Dodged            |    64 |    71 |   118 |    43 ||   296
